 Dungeon Crawl Stone Soup version 0.30.0-19-g36f170ea60 (webtiles) character file.

Game seed: 11534661834135442546

12 javelincjr the Magician (level 2, 22/22 HPs)
             Began as a Djinni Conjurer on May 26, 2023.
             Was a Follower of Okawaru.
             Quit the game on level 1 of the Dungeon on May 29, 2023.
             The game lasted 00:03:35 (513 turns).

javelincjr the Magician (Djinni Conjurer)            Turns: 513, Time: 00:03:36

Health: 22/22      AC:  3    Str:  6    XL:     2   Next: 45%
Gold:   105        EV: 12    Int: 19    God:    Okawaru [*.....] SH:  0 Dex: 11

rFire   + + .        e - +1 sling (heavy)
rCold   x . .        (no shield)
rNeg    . . .        a - +0 robe
rPois   ∞            (no helmet)
rElec   .            c - +0 cloak
rCorr   .            (no gloves)
SInv    .            (boots unavailable)
Will    .....        (no amulet)
Stlth   ++           (no ring)
HPRegen 0.23/turn    (no ring)
MPRegen 0.00/turn

%: no passive effects
@: flying
A: sickness immunity, fire resistance 2, cold vulnerability 1, float, innate
caster, HP casting, extra vitality 1
a: Renounce Religion, Heroism


You were on level 1 of the Dungeon.
You worshipped Okawaru.
Okawaru was aware of your devotion.
You visited 1 branch of the dungeon, and saw 1 of its levels.

You collected 105 gold pieces.

Inventory:

Hand Weapons
 e - a +1 heavy sling (weapon)
Armour
 a - a +0 robe (worn)
 c - a +0 cloak (worn)
Jewellery
 i - a ring of willpower
 j - a ring of resist corrosion
Scrolls
 b - 2 scrolls of identify {unknown}
 f - a scroll of teleportation {unknown}
 h - a scroll of enchant armour {unknown}
Potions
 d - a potion of haste {unknown}
 g - a potion of lignification {unknown}


   Skills:
 * Level 0.4 Fighting
 + Level 2.5 Dodging
 + Level 1.9 Stealth
 + Level 3.3 Spellcasting


You knew the following spells:

 Your Spells              Type           Power      Damage    Failure   Level
a - Magic Dart            Conj           64%        1d6       3%          1
b - Searing Ray           Conj           32%        2d5       5%          2
c - Dazzling Flash        Conj/Hex       32%        N/A       11%         3
d - Fulminant Prism       Conj/Hex       8%         3d7       36%         4
e - Iskenderun's Mystic   Conj/Tloc      16%        2d5       36%         4
Your spell library was empty.

Dungeon Overview and Level Annotations

Branches:
Dungeon (1/15)

Altars:
Okawaru


Innate Abilities, Weirdness & Mutations

You are immune to sickness and miasma.
You are immune to poison.
Your flesh is very heat resistant. (rF++)
You are vulnerable to cold. (rC-)
You float through the air rather than walking.
You learn spells naturally, not from books.
Your magical power is your life essence.
You have superior vitality. (+4 MHP)


Message History

You now have 54 gold pieces (gained 19).
i - a ring of willpower You now have 56 gold pieces (gained 2).
You now have 69 gold pieces (gained 13).
j - a ring of resist corrosion You now have 86 gold pieces (gained 17).
You see here a +0 leather armour.
Found a faded altar of an unknown god.
You shoot a sling bullet. The sling bullet hits the plant.
The plant begins to die.
The plant is lightly damaged.
There is a fountain of clear blue water here.
A nearby plant withers and dies.
You now have 96 gold pieces (gained 10).
There is a faded altar of an unknown god here.
This altar belongs to (a) Okawaru, (b) Lugonu or (c) Jiyva, but you can't tell which.
Press the corresponding letter to learn more about a god, or press enter to convert or escape to cancel.
Okawaru accepts your prayer! Okawaru welcomes you!
You can now gain great but temporary skills.
You see here a +0 short sword.
Found a club.
A hobgoblin comes into view.
You shoot a sling bullet. The sling bullet hits the hobgoblin!
You kill the hobgoblin!
Okawaru accepts your kill.
No target in view!
A bat comes into view.
A bat is nearby!
A bat is nearby!
A bat is nearby!
You shoot a sling bullet. The sling bullet hits the bat.
You kill the bat!
Okawaru accepts your kill.
b - 2 scrolls labelled FIBBIE XOSA HEY (gained 1)
You now have 105 gold pieces (gained 9).
Done exploring.
Done exploring.
Are you sure you want to abandon this character and quit the game? (Confirm with "yes".)
Okay, then.
Are you sure you want to abandon this character and quit the game? (Confirm with "yes".)

############ #..#
##..........####.#
##........>........
#..............###.
#..............# #.
#..............# ##
#..............# #
#..............#
##@......).....#
##..........#.#
############.####
#..... #####. ##.
#.. ####..
####.....


There were no monsters in sight!

Vanquished Creatures
  A bat (D:1)
  An endoplasm (D:1)
  A goblin (D:1)
  A hobgoblin (D:1)
  A ball python (D:1)
  A frilled lizard (D:1)
  6 kobolds (D:1)
12 creatures vanquished.

Notes
Turn   | Place    | Note
-------+----------+-------------------------------------------
     0 | D:1      | javelincjr the Djinni Conjurer began the quest for the Orb.
     0 | D:1      | javelincjr set off with the following spells memorised:
                  | Magic Dart, Searing Ray, Dazzling Flash, Fulminant Prism,
                  | Iskenderun's Mystic Blast.
     0 | D:1      | Reached XP level 1. HP: 15/15 MP: 0/0
   181 | D:1      | Reached XP level 2. HP: 21/21 MP: 0/0
   364 | D:1      | Found a faded altar of an unknown god.
   376 | D:1      | Prayed at the altar of an unknown god.
   376 | D:1      | Became a worshipper of Warmaster Okawaru
   376 | D:1      | Reached * piety under Okawaru
   513 | D:1      | Quit the game

Illustrated notes

Levels and vault maps discovered:
D:1:      minmay_arrival_solitary_statue, layout_rooms,
          shapermc_ecumenical_altar_mp_ritualfount, fountainhead

Action                     || total
---------------------------++-------
   Fire: Sling             ||    15
   Cast: Magic Dart        ||     4
 Armour: Robe              ||     1
  Dodge: Dodged            ||     5
